 Dungeon Crawl Stone Soup version 0.26-a0-652-gafc20e3620 (webtiles) character file.

Game seed: 9145530384910104962

18309 ringo67 the Martial Artist (level 12, -5/106 HPs)
             Began as an Octopode Transmuter on Oct 3, 2020.
             Was a Follower of Ru.
             Slain by a six-headed hydra (14 damage)
             ... on level 1 of the Lair of Beasts.
             The game lasted 00:54:04 (18159 turns).

ringo67 the Martial Artist (Octopode Transmuter)   Turns: 18159, Time: 00:54:05

Health: -5/106     AC:  6    Str: 13    XL:     12   Next: 57%
Magic:  12/15      EV: 13    Int: 15    God:    Ru [*.....]
Gold:   663        SH:  5    Dex: 14    Spells: 7/15 levels left

rFire    x . .     SeeInvis .     - Unarmed
rCold    + + +     Faith    .   (shield currently unavailable)
rNeg     . . .     Spirit   .   (helmet currently unavailable)
rPois    +         Reflect  +   j - amulet of reflection
rElec    .         Harm     .   s - ring of poison resistance
rCorr    .         Rampage  .   K - ring of protection from cold
MR       .....                  (no ring)
Stlth    +.........             (no ring)
HPRegen  0.27/turn              (no ring)
MPRegen  0.14/turn              (no ring)
                                (no ring)
                                (no ring)

@: ice-form
A: large, almost no armour, stealthy swim, amphibious, 8 rings, (constrict 8),
magic vulnerability 1
a: End Transformation, Renounce Religion


You were on level 1 of the Lair of Beasts.
You worshipped Ru.
Ru was aware of your devotion.
You were a creature of crystalline ice.
You visited 3 branches of the dungeon, and saw 14 of its levels.

You collected 738 gold pieces.
You spent 75 gold pieces at shops.

Inventory:

Hand Weapons
 b - a +2 hand crossbow of freezing
 E - the cursed +3 long sword of the Genius {vorpal, Int+8}
   (You took it off a gnoll on level 10 of the Dungeon)

   It inflicts extra damage upon your enemies.
   It affects your intelligence (+8).
   It has a curse placed upon it.
Missiles
 a - 62 poisoned darts (quivered)
 r - 48 sling bullets
 B - 106 bolts
Armour
 g - a +0 hat (melded)
Jewellery
 e - an uncursed amulet of regeneration
 j - an amulet of reflection (around neck)
 s - a ring of poison resistance (left front paw)
 K - a ring of protection from cold (right front paw)
Wands
 t - a wand of iceblast (20)
 C - a wand of paralysis (8)
 D - a wand of flame (40)
 J - a wand of random effects (9)
Scrolls
 d - 6 scrolls of teleportation
 i - a scroll of identify
 o - 8 scrolls of remove curse
 q - 8 scrolls of magic mapping
 v - a scroll of fear {unknown}
 x - a scroll of fog {unknown}
 y - a scroll of enchant armour {unknown}
 z - 5 scrolls of amnesia
 A - 3 scrolls of immolation
 G - a scroll of torment {unknown}
 I - a scroll of enchant weapon {unknown}
Potions
 c - 4 potions of haste
 f - a potion of berserk rage
 h - 2 potions of flight
 k - a potion of stabbing
 l - 2 potions of magic
 m - 2 potions of ambrosia
 n - 3 potions of curing
 u - 3 potions of brilliance
 F - 2 potions of lignification
 H - a potion of might


   Skills:
 + Level 10.7 Fighting
 + Level 6.4 Dodging
 * Level 13.0 Unarmed Combat
 - Level 2.0 Spellcasting
 - Level 9.1 Transmutations
 + Level 3.7 Ice Magic
 - Level 2.0 Poison Magic


You had 7 spell levels left.
You knew the following spells:

 Your Spells              Type           Power        Failure   Level
a - Beastly Appendage     Tmut           ####..       1%          1
b - Spider Form           Tmut/Pois      ###.......   7%          3
c - Ice Form              Ice/Tmut       ###.....     16%         4

Your spell library contained the following spells:

 Spells                   Type           Power        Failure   Level
 Wereblood                Tmut           ####....     1%          2
 Blade Hands              Tmut           ####......   14%         5
 Shock                    Conj/Air       #...         22%         1
 Swiftness                Air            #.......     32%         2
 Petrify                  Tmut/Erth      ###.....     32%         4
 Confusing Touch          Hex            #.......     54%         3
 Gell's Gravitas          Tloc           #.........   54%         3
 Static Discharge         Conj/Air       #.......     54%         3
 Yara's Violent Unravell  Hex/Tmut       ###.......   67%         5
 Airstrike                Air            #.........   91%         4
 Sticky Flame             Conj/Fire      #.......     91%         4
 Metabolic Englaciation   Hex/Ice        #.........   96%         5
 Lightning Bolt           Conj/Air       #.........   99%         5
 Dragon Form              Tmut           ####......   99%         7


Dungeon Overview and Level Annotations

Branches:
Dungeon (11/15)            Temple (1/1) D:5            Lair (2/6) D:11
  Swamp: Lair:2-4    Shoals: Lair:2-4     Snake: Lair:2-4    Spider: Lair:2-4
    Orc: D:9-12

Altars:
Ashenzari
Cheibriados
Dithmenos
Elyvilon
Fedhas
Gozag
Hepliaklqana
Kikubaaqudgha
Makhleb
Nemelex Xobeh
Okawaru
Qazlal
Ru
Sif Muna
Trog
Uskayaw
Vehumet
Wu Jian
Xom
Yredelemnul
Zin
The Shining One
Beogh

Shops:
D:5 ([*   D:8 !}*?

Portals:
Trove: D:11 (give 3 potions of resistance)

Annotations:
D:4 3 runed translucent doors, Greyr's ghost, novice NaMo


Innate Abilities, Weirdness & Mutations

You cannot wear most types of armour.
You are very stealthy in the water. (Stealth+)
You are amphibious.
You can wear up to eight rings at the same time.
((You can use your tentacles to constrict eight enemies at once.))
((Your skin changes colour to match your surroundings (Stealth+).))
((Your rubbery body absorbs attacks. (AC +1, EV +1)))
You are slightly vulnerable to magic. (MR-)


Message History

The six-headed hydra bites you.
* * * LOW HITPOINT WARNING * * *
The six-headed hydra bites you.
* * * LOW HITPOINT WARNING * * *
You feel much better. The six-headed hydra barely misses you.
You block the six-headed hydra's attack.
The six-headed hydra barely misses you. x2; The six-headed hydra bites you!
* * * LOW HITPOINT WARNING * * *
The six-headed hydra misses you.
A six-headed hydra is nearby!
You feel much better. The six-headed hydra barely misses you.
You block the six-headed hydra's attack.
The six-headed hydra bites you.
* * * LOW HITPOINT WARNING * * *
The six-headed hydra bites you!
* * * LOW HITPOINT WARNING * * *
The six-headed hydra bites you!
* * * LOW HITPOINT WARNING * * *
The six-headed hydra bites you!
You die...

.......### ###........
....(### ###...... ....##
##..... ...## #...... ...###
### ####... .....## ######.##
##.. #.....# ##.......####
##. #.....####...........##
#. #.......#.......Y....P###
## ###............D?...###.#
# #.....................#
##....................###
##.....................##
##......[................#
#........................#
#..............#.........#
###..........##.#.##.......##


You could see a six-headed hydra.

Vanquished Creatures
  2 two-headed ogres
  Pikel (D:4)
  An ugly thing (D:11)
  A manticore (D:11)
  A black mamba (Lair:2)
  4 cane toads
  A gargoyle (D:11)
  A rime drake (Lair:2)
  Psyche (D:10)
  2 komodo dragons (Lair:1)
  3 trolls
  7 blink frogs
  2 hippogriffs
  2 spriggans
  A vampire (D:10)
  12 yaks
  A basilisk (Lair:2)
  Eustachio (D:6)
  Duvessa (D:7)
  5 water moccasins
  5 porcupines
  6 black bears
  A phantom (D:4)
  4 orc warriors
  3 ice beasts
  4 sky beasts
  4 ogres
  2 necrophages (D:6)
  9 centaurs
  7 wolves
  5 crocodiles
  A big kobold (D:8)
  Dowan (D:7)
  12 bullfrogs
  3 scorpions
  12 wights
  2 howler monkeys
  A bullfrog zombie (D:7)
  A centaur zombie (D:11)
  A quasit (D:9)
  9 hounds
  2 gnoll shamans
  4 orc priests
  3 centaur skeletons
  2 bullfrog skeletons
  2 orc wizards
  8 iguanas
  9 worker ants
  2 hound zombies
  A mummy (D:8)
  A worker ant zombie (D:8)
  8 gnolls
  15 adders
  A howler monkey skeleton (D:4)
  3 shadow imps
  4 white imps
  3 ufetubi
  An ooze (D:3)
  An adder skeleton (D:8)
  2 adder zombies
  4 worms
  A dart slug (D:2)
  5 leopard geckos
  33 orcs
  3 giant cockroaches
  7 goblins
  4 hobgoblins (D:1)
  3 jackals (D:5)
  7 quokkas
  8 bats
  2 frilled lizards
  A hobgoblin zombie (D:8)
  13 kobolds
  A kobold zombie (D:8)
  A leopard gecko skeleton (D:4)
  A leopard gecko zombie (D:7)
  2 orc zombies (D:8)
  A quokka skeleton (D:8)
  10 rats
322 creatures vanquished.

Vanquished Creatures (others)
  A bush (Lair:2)
  72 fungi
  76 plants
149 creatures vanquished.

Grand Total: 471 creatures vanquished

Notes
Turn   | Place    | Note
-------+----------+-------------------------------------------
     0 | D:1      | ringo67 the Octopode Transmuter began the quest for the
                  | Orb.
     0 | D:1      | Reached XP level 1. HP: 13/13 MP: 3/3
   415 | D:1      | Reached XP level 2. HP: 17/18 MP: 5/5
   914 | D:2      | Reached XP level 3. HP: 20/23 MP: 6/6
   932 | D:2      | Noticed a centaur
   936 | D:2      | Found a shimmering altar of Xom.
   937 | D:2      | Found a shimmering altar of Xom.
   937 | D:2      | Found a shimmering altar of Xom.
   939 | D:2      | Found a shimmering altar of Xom.
   939 | D:2      | Found a shimmering altar of Xom.
   939 | D:2      | Found a shimmering altar of Xom.
  1124 | D:2      | Found a white marble altar of Elyvilon.
  1187 | D:2      | Found a basalt altar of Yredelemnul.
  1295 | D:3      | Noticed an ogre
  1329 | D:3      | Killed an ogre
  1329 | D:3      | Reached skill level 4 in Unarmed Combat
  1329 | D:3      | Reached XP level 4. HP: 29/30 MP: 7/7
  1329 | D:3      | Reached XP level 5. HP: 34/35 MP: 8/8
  1335 | D:3      | Learned a level 3 spell: Spider Form
  1928 | D:3      | Found a roughly hewn altar of Beogh.
  1952 | D:3      | Reached skill level 1 in Poison Magic
  2178 | D:4      | Reached XP level 6. HP: 38/41 MP: 9/9
  2272 | D:4      | Reached skill level 5 in Unarmed Combat
  2587 | D:4      | Found a runed translucent gate.
  2587 | D:4      | Found a runed translucent gate.
  2587 | D:4      | Found a runed translucent gate.
  2588 | D:4      | Noticed Greyr's ghost (novice NaMo)
  2588 | D:4      | Identified the +6 short sword of a volcano {venom, rElec
                  | rN+}
  2643 | D:4      | Noticed a phantom
  2672 | D:4      | Killed a phantom
  2672 | D:4      | Reached XP level 7. HP: 20/47 MP: 10/10
  2840 | D:4      | Learned a level 4 spell: Ice Form
  3154 | D:4      | Reached skill level 1 in Ice Magic
  3357 | D:5      | Entered Level 5 of the Dungeon
  3366 | D:5      | Found Qerch's Weapon Boutique.
  3382 | D:5      | Found a staircase to the Ecumenical Temple.
  3424 | Temple   | Entered the Ecumenical Temple
  3512 | Temple   | Became a worshipper of Ru the Awakened
  3581 | D:5      | Found Naah Tav's General Store.
  3671 | D:5      | Found Gohiweoj's Armour Boutique.
  3711 | D:5      | Noticed Pikel
  3731 | D:4      | Killed Pikel
  3731 | D:4      | Reached skill level 5 in Fighting
  3731 | D:4      | Reached skill level 6 in Unarmed Combat
  3731 | D:4      | Reached XP level 8. HP: 33/57 MP: 1/11
  4325 | D:5      | Reached skill level 7 in Unarmed Combat
  4663 | D:6      | Reached XP level 9. HP: 63/63 MP: 7/12
  4679 | D:6      | Reached skill level 5 in Transmutations
  4871 | D:6      | Noticed Eustachio
  4889 | D:6      | Killed Eustachio
  5450 | D:7      | HP: 1/64 [crocodile (18)]
  5752 | D:7      | Reached skill level 8 in Unarmed Combat
  7103 | D:7      | Noticed Duvessa
  7103 | D:7      | Noticed Dowan
  7211 | D:7      | Killed Duvessa
  7219 | D:7      | Killed Dowan
  7354 | D:2      | Reached XP level 10. HP: 55/72 MP: 10/13
  7587 | D:8      | Found Pize Vye's Gadget Emporium.
  7639 | D:8      | Found Foazor's General Store.
  7647 | D:8      | Found Beudeol's Magic Scroll Emporium.
  8109 | D:8      | Found a shimmering blue altar of Sif Muna.
  8182 | D:8      | Found Nial's Distillery.
  8190 | D:8      | Bought a potion of heal wounds for 75 gold pieces
  8413 | D:9      | Noticed a two-headed ogre
  8527 | D:9      | Identified the Catalogue of Blistering Transmigration
  8805 | D:9      | Reached skill level 9 in Unarmed Combat
  8834 | D:9      | Found an ornate altar of the Wu Jian Council.
  8834 | D:9      | Found an ancient bone altar of Kikubaaqudgha.
  8836 | D:9      | Found a shadowy altar of Dithmenos.
  8837 | D:9      | Found a stormy altar of Qazlal.
  8838 | D:9      | Found a bloodstained altar of Trog.
  8999 | D:9      | Killed a two-headed ogre
  9184 | D:9      | Found a burning altar of Makhleb.
  9184 | D:9      | Found a broken altar of Ashenzari.
  9216 | D:9      | Found a roughly hewn altar of Beogh.
  9641 | D:9      | Found a blossoming altar of Fedhas.
  9653 | D:9      | Reached skill level 10 in Unarmed Combat
  9895 | D:10     | Entered Level 10 of the Dungeon
  9912 | D:10     | Identified the cursed +3 long sword of the Genius {vorpal,
                  | Int+8}
 11315 | D:10     | Noticed Psyche
 11324 | D:10     | Killed Psyche
 11324 | D:10     | Reached XP level 11. HP: 80/80 MP: 9/14
 11876 | D:11     | Reached skill level 11 in Unarmed Combat
 12089 | D:11     | Noticed a two-headed ogre
 12323 | D:11     | Found a staircase to the Lair.
 12539 | D:11     | Killed a two-headed ogre
 13138 | D:11     | Noticed a green ugly thing
 13150 | D:11     | Killed a green ugly thing
 13465 | D:11     | Found a portal to a secret trove of treasure.
 13850 | D:11     | Noticed a manticore
 13876 | D:11     | Killed a manticore
 13876 | D:11     | Reached skill level 10 in Fighting
 14078 | D:11     | Reached skill level 12 in Unarmed Combat
 14123 | D:11     | Gained mutation: You are slightly vulnerable to magic.
                  | (MR-) [Ru sacrifice]
 14123 | D:11     | Reached * piety under Ru
 14168 | Lair:1   | Entered Level 1 of the Lair of Beasts
 14187 | Lair:1   | Reached skill level 5 in Dodging
 14613 | Lair:1   | Reached XP level 12. HP: 87/87 MP: 12/15
 17820 | Lair:2   | Reached skill level 13 in Unarmed Combat
 17953 | Lair:2   | Noticed a six-headed hydra
 18157 | Lair:1   | HP: 4/106 [six-headed hydra (2)]
 18157 | Lair:1   | HP: 1/106 [six-headed hydra (3)]
 18159 | Lair:1   | Slain by a six-headed hydra

Illustrated notes

Levels and vault maps discovered:
D:1:      dpeg_arrival_long_road, layout_loops_cross, minmay_stone_trees_small,
          minmay_tetromino_s4
D:2:      layout_rooms, kennysheep_ying_yang, xom_redecorated
D:3:      layout_rooms, kennysheep_orc_chapel
D:4:      kb_forest_paths, layout_basic, gammafunk_ghost_nasty_kobolds
D:5:      layout_rooms, minmay_temple_entry_drinking_statues, serial_shops,
          nicolae_shop_trees, nicolae_shop_stone, shop, uniq_pikel
D:6:      layout_rooms, uniq_eustachio
D:7:      layout_rooms, minivault_24, the_bakery, uniq_duvessa
D:8:      layout_basic, tgw_sif, serial_shops, kennysheep_little_box,
          shop_fountains, nicolae_shop_waterfront, kennysheep_mini_moat,
          hangedman_glass_teeth, minmay_mini_ossuary
D:9:      layout_roguey [special_room_orc], fedhas_altar_fruit_tree, minitemple,
          gammafunk_temple_overflow_statue
D:10:     layout_basic, st_stairs_14, uniq_psyche
D:11:     layout_basic, due_lair_maze_entry_diamond, nicolae_trove_entry_columns
Temple:   eino_wide_crystal_templ
Lair:1:   layout_cave_shapes, chequers_serial_rivers_large_b
Lair:2:   layout_misc_corridors, nicolae_swamp_entry_splash_gauntlet,
          special_room [special_room_bee], grunt_forest_large_clearing_hut

Skill      XL: |  1  2  3  4  5  6  7  8  9 10 11 12 |
---------------+-------------------------------------+-----
Fighting       | 2 3 5 6 7 9 10 | 10.7
Unarmed Combat | 4 5 6 7 8 10 12 13 | 13.0
Transmutations | 3 4 7 8 9 |  9.1
Poison Magic   | 1 2 |  2.0
Ice Magic      | 3 |  3.7
Dodging        | 3 5 6 |  6.4
Spellcasting   | |  2.0

Action                   |  1- 3 |  4- 6 |  7- 9 | 10-12 || total
-------------------------+-------+-------+-------+-------++-------
Melee: Unarmed           |    78 |    70 |   291 |   462 ||   901
       Constrict         |    23 |    16 |    44 |    23 ||   106
       Tentacles         |    15 |    10 |    33 |    16 ||    74
       Kick              |     6 |       |     3 |     3 ||    12
       Punch             |     2 |       |     7 |     4 ||    13
 Fire: Hunting sling     |       |     8 |       |       ||     8
       Hand crossbow     |       |       |       |     9 ||     9
Throw: Dart              |     5 |    16 |    26 |    70 ||   117
 Cast: Beastly Appendage |     5 |       |     2 |     2 ||     9
       Spider Form       |       |       |    11 |     2 ||    13
       Ice Form          |       |       |     7 |    44 ||    51
Invok: Reject Sacrifices |       |       |     1 |       ||     1
       Sacrifice Essence |       |       |       |     1 ||     1
  Use: Scroll            |       |       |    13 |     9 ||    22
       Potion            |       |       |     1 |     2 ||     3
 Stab: Sleeping          |     2 |     5 |     6 |     3 ||    16
       Distracted        |       |       |     1 |     1 ||     2
Armor: Skin              |     7 |     4 |    20 |    41 ||    72
Dodge: Dodged            |    37 |    41 |   153 |   174 ||   405
Block: Other             |       |       |     4 |    73 ||    77
       Reflection        |       |       |       |     5 ||     5

Table legend: (Time is in decaauts)
 A = Elapsed time spent in this place.
 B = Non-inter-level travel time spent in this place.
 C = Inter-level travel time spent in this place.
 D = Time resting spent in this place.
 E = Time spent auto-exploring this place.
 F = Levels seen in this place.
 G = Mean time per level.
                   A        B        C        D        E       F      G
               +--------+--------+--------+--------+--------+-----+--------+
         Total |  18029 |  17277 |    752 |   7042 |   4787 |  14 | 1287.8 |
       Dungeon |  14293 |  13621 |    672 |   4981 |   4433 |  11 | 1299.4 |
        Temple |    110 |     89 |     21 |      0 |     60 |   1 |  110.0 |
          Lair |   3625 |   3566 |     59 |   2061 |    294 |   2 | 1812.5 |
               +--------+--------+--------+--------+--------+-----+--------+

Top non-repeatable levels by time:
  Lair:1: 3047 daAuts
    D:11: 2716 daAuts
     D:8: 1906 daAuts
    D:10: 1854 daAuts
     D:9: 1426 daAuts
     D:4: 1350 daAuts
     D:5: 1058 daAuts
     D:7: 1038 daAuts
     D:3: 925 daAuts
     D:1: 810 daAuts
     D:6: 675 daAuts
  Lair:2: 577 daAuts
     D:2: 531 daAuts
  Temple: 110 daAuts
